 Dungeon Crawl Stone Soup version 0.20.0-7-g3b7b877 (webtiles) character file.

88 Laraso the Conjurer (level 4, -12/24 HPs)
             Began as a Deep Elf Venom Mage on May 29, 2017.
             Blown up by Ijyb (15 damage)
             ... with a wand of disintegration (?/24)
             ... on level 3 of the Dungeon.
             The game lasted 00:04:31 (2002 turns).

Laraso the Conjurer (Deep Elf Venom Mage)           Turns: 2002, Time: 00:04:32

Health: -12/24     AC:  4    Str:  5    XL:     4   Next: 29%
Magic:  4/10       EV: 13    Int: 21    God:
Gold:   75         SH:  0    Dex: 15    Spells: 3/9 levels left

rFire    . . .     SeeInvis .   a - +3 quarterstaff (chaos)
rCold    . . .     Gourm    .   (shield currently unavailable)
rNeg     . . .     Faith    .   j - +1 robe
rPois    .         Spirit   .   (no helmet)
rElec    .         Reflect  .   l - +0 cloak
rCorr    .         Harm     .   (no gloves)
MR       .....                  (no boots)
Stlth    ++........             (no amulet)
Regen    0.1/turn               (no ring)
MPRegen  0.2/turn               (no ring)

@: no status effects
A: no striking features
a: no special abilities


You were on level 3 of the Dungeon.
You were hungry.

You visited 1 branch of the dungeon, and saw 3 of its levels.

You collected 75 gold pieces.

Inventory:

Hand Weapons
 a - a +3 quarterstaff of chaos (weapon)
Armour
 e - a +0 buckler
 j - a +1 robe (worn)
 l - a +0 cloak (worn)
Wands
 r - a wand of iceblast (9/15)
Scrolls
 k - 2 scrolls of enchant weapon
 n - 4 scrolls of remove curse
 p - a scroll of teleportation
 u - a scroll of blinking {unknown}
Potions
 d - 3 potions of invisibility
 g - a potion of might
 h - a potion of magic
 i - a potion of cancellation
 o - a potion of agility {unknown}
 q - a potion of flight {unknown}
 s - a potion of haste {unknown}
 t - a potion of heal wounds {unknown}
 w - a potion of mutation {unknown}
Books
 b - a Young Poisoner's Handbook

   Spells                             Type                      Level
   a - Sting                          Conjuration/Poison           1
   b - Poisonous Vapours              Poison/Air                   2
   c - Mephitic Cloud                 Conjuration/Poison/Air       3
   d - Olgreb's Toxic Radiance        Poison                       4
   e - Venom Bolt                     Conjuration/Poison           5
Comestibles
 c - 2 bread rations
 f - 2 meat rations
 m - a royal jelly
 v - a chunk of flesh


   Skills:
 - Level 2.4 Dodging
 - Level 2.4 Stealth
 - Level 3.0 Spellcasting
 * Level 4.6 Conjurations
 - Level 3.2 Poison Magic


You had 3 spell levels left.
You knew the following spells:

 Your Spells              Type           Power        Failure   Level  Hunger
a - Sting                 Conj/Pois      ###.         2%          1    None
b - Poisonous Vapours     Pois/Air       ##....       11%         2    ##.....
c - Mephitic Cloud        Conj/Pois/Air  ##......     14%         3    ###....


Dungeon Overview and Level Annotations

Branches:
Dungeon (3/15)

Altars:

Annotations:
D:3 Ijyb


Message History

Casting: Poisonous Vapours
Confirm with . or Enter, or press ? or * to list all spells.
Aiming: Poisonous Vapours
Press: ? - help, Dir - move target cursor, f - quokka
Aim: a quokka (hasn't noticed you) Poisonous vapours surround the quokka!
The quokka is poisoned.
You hit the quokka. You burn the quokka.
You kill the quokka!
There is a stone staircase leading down here.
Found a spear.
n - 4 scrolls of remove curse (gained 1)
w - a viscous blue potion Done exploring.
Done exploring.
Done exploring.
Done exploring.
(D) Dungeon
Where to? (Enter - D:2 @ (x,y), ? - help)
There is a stone staircase leading down here.
You climb downwards.
A goblin and Ijyb come into view.
Found a scroll of teleportation and a long bronze wand.
There is a stone staircase leading up here.
Okay, then.
The helpless goblin fails to defend itself.
You hit the goblin. Lightning courses through the goblin!
You kill the goblin!
Casting: Poisonous Vapours
Confirm with . or Enter, or press ? or * to list all spells.
Aiming: Poisonous Vapours
Press: ? - help, Dir - move target cursor, f - Ijyb
Aim: Ijyb, wielding a club and wearing a chain mail (resting) Poisonous vapours surround Ijyb!
Ijyb shouts!
Ijyb is engulfed in poison gas.
Ijyb is poisoned.
Casting: Poisonous Vapours
Confirm with . or Enter, or press ? or * to list all spells.
Aiming: Mephitic Cloud
Press: ? - help, Shift-Dir - straight line, f/p - Ijyb
Aim: Ijyb, wielding a club and wearing a chain mail (lightly wounded, poisoned)
The ball explodes into a vile cloud!
The stinking cloud engulfs Ijyb.
Ijyb is lightly wounded.
You are feeling hungry.
Ijyb is engulfed in noxious fumes.
Ijyb zaps a wand.
You are blasted!
Ouch! That really hurt!
* * * LOW HITPOINT WARNING * * *
It is a wand of disintegration (?/24).
Unknown command.
Casting: Mephitic Cloud
Confirm with . or Enter, or press ? or * to list all spells.
Aiming: Sting
Press: ? - help, Shift-Dir - straight line, f/p - Ijyb
Aim: Ijyb, wielding a club, wearing a chain mail and carrying a wand of disintegration (?/24) {zapped: 1} (noxious fumes, lightly wounded, poisoned)
The sting hits Ijyb.
Ijyb appears unharmed.
Ijyb is lightly wounded.
Ijyb is engulfed in noxious fumes.
Ijyb appears confused.
Ijyb drinks a potion.
Ijyb is healed!
Ijyb looks more healthy.
Ijyb seems less confused.
Ijyb is engulfed in noxious fumes.
Ijyb zaps a wand.
You are blasted!
Ouch! That really hurt!
You die...

#.# #.# ... #.#
#.# #.# #.# #@#
#.....).§g§...
/.....?.#######
#########


You could see Ijyb.

Vanquished Creatures
  Crazy Yiuf (D:2)
  Jessica (D:2)
  A dart slug (D:1)
  A leopard gecko (D:1)
  A ball python (D:2)
  A giant cockroach (D:1)
  5 goblins
  5 hobgoblins
  5 kobolds
  A quokka (D:2)
  4 bats
  A frilled lizard (D:1)
  3 rats (D:2)
30 creatures vanquished.

Notes
Turn   | Place    | Note
-------+----------+-------------------------------------------
     0 | D:1      | Laraso the Deep Elf Venom Mage began the quest for the Orb.
     0 | D:1      | Reached XP level 1. HP: 10/10 MP: 6/6
   273 | D:1      | Reached skill level 2 in Conjurations
   409 | D:1      | Reached XP level 2. HP: 15/15 MP: 1/8
   664 | D:1      | Learned a level 2 spell: Poisonous Vapours
  1013 | D:1      | HP: 3/15 [adder (5)]
  1422 | D:2      | Reached skill level 3 in Conjurations
  1508 | D:2      | Noticed Jessica
  1515 | D:2      | Killed Jessica
  1515 | D:2      | Reached XP level 3. HP: 16/19 MP: 7/9
  1549 | D:2      | Reached skill level 4 in Conjurations
  1711 | D:2      | Found a runed door.
  1769 | D:2      | Noticed Crazy Yiuf
  1775 | D:2      | Learned a level 3 spell: Mephitic Cloud
  1780 | D:2      | Killed Crazy Yiuf
  1780 | D:2      | Reached XP level 4. HP: 24/24 MP: 1/10
  1997 | D:3      | Noticed Ijyb
  2000 | D:3      | HP: 3/24 [disintegration (21)]
  2002 | D:3      | Blown up by Ijyb

Skill      XL: |  1  2  3 |
---------------+----------+-----
Conjurations   | 2 3 4 |  4.6
Dodging        | |  2.4
Stealth        | |  2.4
Spellcasting   | |  3.0
Poison Magic   | |  3.2

Action                   |  1- 3 |  4- 6 || total
-------------------------+-------+-------++-------
Melee: Short sword       |     5 |       ||     5
       Dagger            |     2 |       ||     2
       Quarterstaff      |       |     5 ||     5
 Cast: Sting             |    37 |     1 ||    38
       Poisonous Vapours |     9 |     2 ||    11
       Mephitic Cloud    |     1 |     1 ||     2
  Use: Scroll            |    12 |       ||    12
 Stab: Sleeping          |     3 |     1 ||     4
  Eat: Fruit             |     2 |       ||     2
       Meat ration       |     1 |       ||     1
       Chunk             |     1 |       ||     1
Armor: Robe              |     7 |       ||     7
Dodge: Dodged            |    14 |     3 ||    17

Table legend:
 A = Kills in this place as a percentage of kills in entire the game.
 B = Kills by you in this place as a percentage of kills by you in the entire game.
 C = Kills by friends in this place as a percentage of kills by friends in the entire game.
 D = Other kills in this place as a percentage of other kills in the entire game.
 E = Experience gained in this place as a percentage of experience gained in the entire game.
 F = Experience gained in this place divided by the number of levels of this place that you have seen.
                   A       B       C       D       E      F
               +-------+-------+-------+-------+-------+----------------------
         Total | 100.0 | 100.0 |  -nan | 100.0 | 100.0 |  42.0
       Dungeon | 100.0 | 100.0 |  -nan | 100.0 | 100.0 |  42.0
               +-------+-------+-------+-------+-------+----------------------

Table legend:
 A = Turns spent in this place as a percentage of turns spent in the entire game.
 B = Non-inter-level travel turns spent in this place as a percentage of non-inter-level travel turns spent in the entire game.
 C = Inter-level travel turns spent in this place as a percentage of turns spent in this place.
 D = Turns resting spent in this place as a percentage of non-inter-level travel turns spent in this place.
 E = Turns spent auto-exploring this place as a percentage of non-inter-level travel turns spent in this place.
 F = Non-inter-level travel turns spent in this place divided by the number of levels of this place that you've seen.
                   A       B       C       D       E      F
               +-------+-------+-------+-------+-------+----------------------
         Total | 100.0 | 100.0 |   1.4 |   7.0 |  15.7 | 142.3
       Dungeon | 100.0 | 100.0 |   1.4 |   7.0 |  15.7 | 142.3
               +-------+-------+-------+-------+-------+----------------------

Vault maps used:
D:1:      lemuel_arrival_behind_the_door_small
D:2:      uniq_jessica, uniq_crazy_yiuf_cottage
D:3:      uniq_grinder, uniq_ijyb, uniq_sigmund
